 Dungeon Sprint DCSS version 0.24.0-13-gcf9b319 (webtiles) character file.

Game seed: 2504627387143521236, levelgen mode: deterministic

46445 Fang the Warrior (level 14, -2/104 HPs)
             Began as a Gargoyle Berserker on Nov 18, 2019.
             Was the Champion of Trog.
             Killed by the air
             ... invoked by a spriggan air mage
              (5 damage)
             ... in the Dungeon (Sprint V: "Ziggurat Sprint").
             The game lasted 00:04:29 (1342 turns).

Fang the Warrior (Gargoyle Berserker)               Turns: 1342, Time: 00:04:29

Health: -2/104     AC: 50    Str: 28    XL:     14   Next: 37%
Magic:  25/27      EV:  6    Int:  8    God:    Trog [******]
Gold:   0          SH: 37    Dex: 10    Spells: 13/13 levels left

rFire    + . .     SeeInvis +   a - +5 broad axe (chop)
rCold    . . .     Gourm    .   E - +18 shield of the Gong {rElec rN+ MR+ EV-5}
rNeg     + + .     Faith    .   b - +15 Maxwell's patent armour {-Cast -Tele rElec MR+ rCorr}
rPois    ∞         Spirit   .   I - +0 Maxwell's etheric cage {RegenMP+ *Contam rElec MP+4}
rElec    +         Reflect  +   o - +2 cloak {MR+}
rCorr    +         Harm     .   (no gloves)
MR       ++++.     NoTele   +   (no boots) Stlth ..........NoCast +
                                y - brooch of Shielding {Reflect SH+8}
HPRegen  0.27/turn              z - ring of Gyinug {MP+9 SInv} MPRegen 0.70/turn*
                                H - ring of the Octopus King {rF+ AC+1 EV+1 Str+1 Int+1 Dex+1}

@: grasped by roots, berserk cooldown, slowed, constricted, very slow
A: big wings, negative energy resistance 1, electricity resistance, unbreathing,
petrification resistance, rot immunity, AC +10
a: Fly, Berserk, Trog's Hand, Brothers in Arms, Renounce Religion


You were in the Dungeon.
You worshipped Trog.
Trog was exalted by your worship.
You were hungry.

You visited 1 branch

Inventory:

Hand Weapons
 a - a +5 broad axe of chopping (weapon)
 x - a +2 war axe of draining
 D - the +4 broad axe of Bloody Death {drain, rF- rN++ Dex+4}
   (You found it in the Dungeon)

   A truly terrible weapon, it drains the life of those it strikes.
   It affects your dexterity (+4).
   It makes you vulnerable to fire.
   It greatly protects you from negative energy.
 M - the +11 hand axe of Unpleasantness {elec, MR+ Stlth+}
   (You took it off a deep elf high priest in the Dungeon)

   Occasionally, upon striking a foe, it will discharge some electrical energy
   and cause terrible harm.
   It affects your resistance to hostile enchantments.
   It makes you more stealthy.
Armour
 b - the +15 Maxwell's patent armour (worn) {-Cast -Tele rElec MR+ rCorr}
   (You found it in the Dungeon)

   It insulates you from electricity.
   It affects your resistance to hostile enchantments.
   It prevents spellcasting.
   It prevents most forms of teleportation.
   It provides partial protection from all sources of acid and corrosion.
 o - a +2 cloak of magic resistance (worn)
 E - the +18 shield of the Gong (worn) {rElec rN+ MR+ EV-5}
   (You found it in the Dungeon)

   It affects your evasion (-5).
   It insulates you from electricity.
   It protects you from negative energy.
   It affects your resistance to hostile enchantments.
 I - the +0 Maxwell's etheric cage (worn) {RegenMP+ *Contam rElec MP+4}
   (You found it in the Dungeon)

   It insulates you from electricity.
   It affects your magic capacity (+4).
   It causes magical contamination when unequipped.
Jewellery
 g - the ring "Ynuell" {Fire Str+2 Int-3 Dex+5}
   (You found it in the Dungeon)

   [ring of fire]

   It enhances your fire magic.
   It affects your strength (+2).
   It affects your intelligence (-3).
   It affects your dexterity (+5).
   It protects you from fire.
   It makes you vulnerable to cold.
 y - the brooch of Shielding (around neck) {Reflect SH+8}
   (You found it in the Dungeon)

   [amulet of reflection]

   It shields you and reflects attacks.
   It affects your SH (+8).
 z - the ring of Gyinug (left hand) {MP+9 SInv}
   (You found it in the Dungeon)

   [ring of see invisible]

   It affects your magic capacity (+9).
   It lets you see invisible.
 A - the ring of Ukoiwn {rPois rF+ MR+ Int+4 Dex+4}
   (You found it in the Dungeon)

   [ring of dexterity]

   It affects your intelligence (+4).
   It affects your dexterity (+4).
   It protects you from fire.
   It protects you from poison.
   It affects your resistance to hostile enchantments.
 B - a +2 ring of evasion
 C - an uncursed ring of stealth
 F - a +5 ring of protection
 G - the ring of Symmetry {rElec rN+ Str+2 Dex+2}
   (You found it in the Dungeon)

   [ring of dexterity]

   It affects your strength (+2).
   It affects your dexterity (+2).
   It insulates you from electricity.
   It protects you from negative energy.
 H - a ring of the Octopus King (right hand) {rF+ AC+1 EV+1 Str+1 Int+1 Dex+1}
   (You found it in the Dungeon)

   [ring of protection from fire]

   It affects your AC (+1).
   It affects your evasion (+1).
   It affects your strength (+1).
   It affects your intelligence (+1).
   It affects your dexterity (+1).
   It protects you from fire.
 J - an uncursed ring of magical power
 L - the ring of the Mage {Wiz MR++ Int+3}
   (You found it in the Dungeon)

   [ring of wizardry]

   It improves your spell success rate.
   It affects your intelligence (+3).
   It affects your resistance to hostile enchantments.
Wands
 u - a wand of disintegration (7)
 v - a wand of iceblast (7)
 w - a wand of acid (7)
Scrolls
 i - 4 scrolls of blinking
 j - 8 scrolls of fog
 k - a scroll of holy word
 l - 5 scrolls of identify
 m - 5 scrolls of remove curse
 n - 2 scrolls of fear
 K - 4 scrolls of enchant armour
Potions
 d - 10 potions of curing
 e - 8 potions of heal wounds
 f - 6 potions of haste
 h - 3 potions of berserk rage
 p - 2 potions of invisibility
 q - 4 potions of resistance
 s - 7 potions of agility
 t - 6 potions of might
Comestibles
 c - 6 rations
 r - 7 chunks of flesh


   Skills:
 + Level 18.6 Fighting
 + Level 16.0 Axes
 + Level 18.4 Armour
 + Level 14.8 Dodging
 + Level 7.7 Shields


You had 13 spell levels left.
You didn't know any spells.
Your spell library was empty.

Dungeon Overview and Level Annotations

Branches:
Dungeon (1/1)

Altars:
Ashenzari
Cheibriados
Dithmenos
Elyvilon
Fedhas
Gozag
Hepliaklqana
Kikubaaqudgha
Makhleb
Nemelex Xobeh
Okawaru
Qazlal
Ru
Sif Muna
Trog
Uskayaw
Vehumet
Wu Jian
Xom
Yredelemnul
Zin
The Shining One
Beogh
Jiyva
Lugonu


Innate Abilities, Weirdness & Mutations

You are resistant to torment.
Your stone body is resilient. (AC +10)
You are immune to poison.
Your large and strong wings let you fly indefinitely.
You resist negative energy. (rN+)
You are resistant to electric shocks. (rElec)
You can survive without breathing.
You are immune to petrification.
You are immune to rotting.


Message History

You block the spriggan berserker's attack.
BOUMMMMG!
The apis barely misses you.
The spriggan air mage waves its arms in wide circles.
The air twists around and strikes you.
You block the spriggan berserker's attack.
PANG!
You block the spriggan defender's attack.
SHROANNG!
The spriggan berserker hits you but does no damage.
The spriggan berserker rages.
You block the spriggan defender's attack.
SHROANNG!
Roots burst forth from the earth!
The grasping roots grab you!
* * * LOW HITPOINT WARNING * * *
The grasping roots constrict you!
The spriggan air mage waves its arms in wide circles.
The air twists around and strikes you.
You die...

▓...[})}|:..▓...©....▓...©.
▓...........▓▓▓▓▓▓▓▓▓▓▓▓▓▓▓
▓...........▓...8©8...▓..8©
▓...........▓..=.):...▓....
...........▓.........▓..}}
▓..†.R▓ .▓.........▓....
▓▓.iR▓▓▓.▓.........▓....
▓..▓..hYi▓..▓.....)...▓....
▓....fhiii@.▓....)....▓..)|
▓▓▓▓▓▓▓▓▓▓▓▓▓.........▓....
▓....8©8....▓....©....▓...©
▓..|.:)[.)..▓▓▓▓▓▓▓▓▓▓▓▓▓▓▓
▓....[)::...▓...8©8...▓..8©
▓...........▓..:|:))..▓..[:
▓...........▓...[|)...▓..}.
▓...........▓.........▓....
▓....)))....▓.........▓....


You could see an apis, a shambling mangrove, a spriggan defender, a spriggan
berserker (berserk), a dryad, 3 spriggan air magi and 2 polar bears.

Vanquished Creatures
  A greater mummy (D)
  A deep elf blademaster (D)
  2 shadow dragons (D)
  A deep elf sorcerer (D)
  3 stone giants (D)
  A deep elf annihilator (D)
  A merfolk javelineer (D)
  A mummy priest (D)
  A yaktaur captain (D)
  A spriggan air mage (D)
  4 deep elf high priests (D)
  A dancing weapon (D)
  2 soul eaters (D)
  A wolf spider (D)
  2 ugly things (D)
  A cyclops (D)
  A spiny frog (D)
  A black mamba (D)
  A yaktaur (D)
  5 guardian mummies (D)
  A slime creature (D)
  4 merfolk (D)
  A wind drake (D)
  A redback (D)
  A flying skull (D)
  An ushabti (D)
  A golden eye (D)
  A fire elemental (D)
  A phantom (D)
  2 wolves (D)
  3 necrophages (D)
  2 earth elementals (D)
  A wight (D)
  2 crimson imps (D)
  2 jellies (D)
  An iron imp (D)
  2 iguanas (D)
  2 mummies (D)
  3 river rats (D)
  2 oozes (D)
  2 spectral adders (D)
  An adder zombie (D)
  6 adder skeletons (D)
  A spectral bat (D)
  3 bat zombies (D)
  3 jackals (D)
  A jackal zombie (D)
  2 leopard gecko zombies (D)
  A spectral quokka (D)
86 creatures vanquished.

Vanquished Creatures (others)
  2 deep elf master archers (D)
  2 yaktaurs (D)
  A centaur (D)
5 creatures vanquished.

Grand Total: 91 creatures vanquished

Notes
Turn   | Place    | Note
-------+----------+-------------------------------------------
     0 | D        | Fang the Gargoyle Berserker began the quest for the Orb.
     0 | D        | Reached XP level 1. HP: 14/14 MP: 1/1
     1 | D        | Found a blossoming altar of Fedhas.
     2 | D        | Found the +6 Majin-Bo {vamp, Archmagi MP+6 Int+6}
     2 | D        | Found the +7 great mace "Firestarter" {inner flame, rF++}
     3 | D        | Found a viscous altar of Jiyva.
     3 | D        | Found a hazy altar of Hepliaklqana.
     3 | D        | Found a transporter.
     3 | D        | Found an opulent altar of Gozag.
     3 | D        | Found an ancient bone altar of Kikubaaqudgha.
     3 | D        | Found a corrupted altar of Lugonu.
    15 | D        | Found a burning altar of Makhleb.
    17 | D        | Found a stormy altar of Qazlal.
    17 | D        | Found an iron altar of Okawaru.
    17 | D        | Found a sacrificial altar of Ru.
    17 | D        | Found a sparkling altar of Nemelex Xobeh.
    17 | D        | Found a shimmering blue altar of Sif Muna.
    17 | D        | Found a bloodstained altar of Trog.
    24 | D        | Found the +9 heavy crossbow "Sniper" {velocity, Acc+∞ SInv}
    24 | D        | Found the +10 dark maul {crush}
    24 | D        | Found the +15 Maxwell's patent armour {-Cast -Tele rElec
                  | MR+ rCorr}
    24 | D        | Found the +18 shield of the Gong {rElec rN+ MR+ EV-5}
    24 | D        | Found the cursed +14 obsidian axe {chop, +Fly SInv *Curse}
    75 | D        | Entered arena 2.
    75 | D        | Noticed a red ugly thing
    75 | D        | Noticed a purple ugly thing
    75 | D        | Found a transporter.
    82 | D        | Killed a red ugly thing
    82 | D        | Reached XP level 2. HP: 20/26 MP: 2/2
    82 | D        | Reached XP level 3. HP: 23/30 MP: 3/3
    82 | D        | Reached XP level 4. HP: 27/36 MP: 4/4
    82 | D        | Reached XP level 5. HP: 31/40 MP: 5/5
    82 | D        | Reached XP level 6. HP: 34/45 MP: 6/6
    83 | D        | Killed a red ugly thing
    83 | D        | Reached XP level 7. HP: 40/52 MP: 7/7
   220 | D        | Entered arena 3.
   220 | D        | Found a transporter.
   224 | D        | Reached ** piety under Trog
   224 | D        | Reached XP level 8. HP: 57/57 MP: 8/8
   231 | D        | Got the ring "Ynuell" {Fire Str+2 Int-3 Dex+5}
   240 | D        | Entered arena 4.
   240 | D        | Found a transporter.
   244 | D        | Reached skill level 10 in Fighting
   246 | D        | Reached *** piety under Trog
   253 | D        | Reached skill level 10 in Armour
   261 | D        | Entered arena 5.
   261 | D        | Noticed a merfolk
   261 | D        | Noticed a merfolk
   261 | D        | Noticed a merfolk
   261 | D        | Noticed a merfolk
   261 | D        | Found a transporter.
   262 | D        | Identified the +9 demon trident "Upuohuma" {venom, -Tele
                  | rC+ Int+6}
   262 | D        | Identified the +7 short sword of Devotion {pain, MR+ Dex+3}
   271 | D        | Killed a merfolk
   274 | D        | Killed a merfolk
   274 | D        | Reached **** piety under Trog
   280 | D        | Killed a merfolk
   280 | D        | Reached XP level 9. HP: 64/64 MP: 9/9
   288 | D        | Killed a merfolk
   331 | D        | Entered arena 6.
   331 | D        | Found a transporter.
   332 | D        | Found the brooch of Shielding {Reflect SH+8}
   335 | D        | Reached ***** piety under Trog
   337 | D        | Received a gift from Trog
   363 | D        | Entered arena 7.
   363 | D        | Noticed a mummy priest
   363 | D        | Noticed a guardian mummy
   363 | D        | Noticed a guardian mummy
   364 | D        | Identified the +4 triple sword of Midsummer {freeze,
                  | *Contam rElec rN+ Str+2}
   364 | D        | Found a transporter.
   365 | D        | Noticed an ice devil
   370 | D        | Reached skill level 10 in Axes
   372 | D        | Noticed a sun demon
   372 | D        | Noticed a rust devil
   372 | D        | Killed a guardian mummy
   378 | D        | Killed a guardian mummy
   386 | D        | Killed a mummy priest
   386 | D        | Reached XP level 10. HP: 65/72 MP: 10/10
   453 | D        | Got the ring of Gyinug {MP+9 SInv}
   506 | D        | Entered arena 8.
   507 | D        | Found a transporter.
   509 | D        | Received a gift from Trog
   510 | D        | Reached skill level 10 in Dodging
   536 | D        | Entered arena 9.
   536 | D        | Noticed a greater mummy
   537 | D        | Found a transporter.
   540 | D        | Noticed an emperor scorpion
   544 | D        | Received a gift from Trog
   548 | D        | Noticed an emperor scorpion
   548 | D        | Noticed an emperor scorpion
   548 | D        | Noticed an emperor scorpion
   548 | D        | Noticed an emperor scorpion
   554 | D        | Noticed an emperor scorpion
   554 | D        | Noticed an emperor scorpion
   554 | D        | Noticed an emperor scorpion
   554 | D        | Killed a greater mummy
   554 | D        | Reached XP level 11. HP: 66/80 MP: 11/11
   565 | D        | Got the ring of Ukoiwn {rPois rF+ MR+ Int+4 Dex+4}
   668 | D        | Entered arena 10.
   669 | D        | Found a transporter.
   670 | D        | Reached ****** piety under Trog
   673 | D        | Received a gift from Trog
   743 | D        | Entered arena 11.
   744 | D        | Found the +0 Maxwell's etheric cage {RegenMP+ *Contam rElec
                  | MP+4}
   744 | D        | Found the ring of the Octopus King {rF+ AC+1 EV+1 Str+1
                  | Int+1 Dex+1}
   744 | D        | Found a transporter.
   747 | D        | Reached skill level 15 in Fighting
   748 | D        | Received a gift from Trog
   756 | D        | Reached skill level 15 in Armour
   774 | D        | Got a ring of the Octopus King {rF+ AC+1 EV+1 Str+1 Int+1
                  | Dex+1}
   796 | D        | Entered arena 12.
   796 | D        | Noticed a soul eater
   796 | D        | Noticed a shadow dragon
   796 | D        | Noticed a soul eater
   797 | D        | Noticed a shadow dragon
   802 | D        | Received a gift from Trog
   803 | D        | Found a transporter.
   806 | D        | Killed a soul eater
   818 | D        | Killed a shadow dragon
   820 | D        | Killed a shadow dragon
   820 | D        | Reached XP level 12. HP: 88/88 MP: 12/12
   822 | D        | Killed a soul eater
   878 | D        | Got the +4 broad axe of Bloody Death {drain, rF- rN++
                  | Dex+4}
   963 | D        | Entered arena 13.
   963 | D        | Noticed a stone giant
   963 | D        | Noticed a yaktaur captain
   963 | D        | Noticed a stone giant
   963 | D        | Noticed a deep elf master archer
   963 | D        | Noticed a stone giant
   964 | D        | Noticed a merfolk javelineer
   967 | D        | Found a transporter.
   970 | D        | Killed a stone giant
   970 | D        | Received a gift from Trog
   972 | D        | Killed a stone giant
   972 | D        | Killed a yaktaur captain
   974 | D        | Killed a deep elf master archer
   980 | D        | Killed a stone giant
  1001 | D        | Killed a merfolk javelineer
  1001 | D        | Received a gift from Trog
  1001 | D        | Reached skill level 15 in Axes
  1006 | D        | Got the ring of Symmetry {rElec rN+ Str+2 Dex+2}
  1147 | D        | Reached skill level 1 in Shields
  1147 | D        | Reached XP level 13. HP: 96/96 MP: 13/13
  1159 | D        | Entered arena 14.
  1160 | D        | Noticed a deep elf blademaster
  1160 | D        | Noticed a deep elf annihilator
  1160 | D        | Noticed a deep elf sorcerer
  1160 | D        | Noticed a deep elf master archer
  1161 | D        | Found the ring of the Mage {Wiz MR++ Int+3}
  1161 | D        | Noticed a deep elf high priest
  1161 | D        | Noticed a deep elf high priest
  1161 | D        | Identified the +11 hand axe of Unpleasantness {elec, MR+
                  | Stlth+}
  1161 | D        | Noticed a deep elf high priest
  1162 | D        | Found a transporter.
  1162 | D        | Noticed a deep elf high priest
  1166 | D        | Killed a deep elf annihilator
  1169 | D        | Killed a deep elf sorcerer
  1169 | D        | Gained mutation: Your large and strong wings let you fly
                  | indefinitely. [Gargoyle growth]
  1169 | D        | Reached XP level 14. HP: 103/103 MP: 14/14
  1171 | D        | Reached skill level 5 in Shields
  1171 | D        | Received a gift from Trog
  1174 | D        | Received a gift from Trog
  1175 | D        | Killed a deep elf master archer
  1185 | D        | Killed a deep elf blademaster
  1319 | D        | Entered arena 15.
  1320 | D        | Noticed an apis
  1321 | D        | Noticed a spriggan defender
  1342 | D        | HP: 3/104 [shambling mangrove (15)]
  1342 | D        | Killed from afar by a spriggan air mage

Levels and vault maps discovered:
D:        sprint_v [room_start, room_1, room_2, room_3, room_4, room_5, room_6,
          room_7, room_8, room_9, room_10, room_11, room_12, room_13, room_14,
          room_15, room_16, room_17, room_18, room_19, room_20, room_21,
          room_22, room_23, room_24, room_25, room_26, room_27]

Skill      XL: |  1  2  3  4  5  6  7  8  9 10 11 12 13 14 |
---------------+-------------------------------------------+-----
Fighting       | 8 9 11 12 14 16 17 18 | 18.6
Axes           | 7 8 9 10 12 13 15 16 | 16.0
Armour         | 8 9 11 12 14 15 17 18 | 18.4
Dodging        | 6 7 8 9 11 12 13 14 | 14.8
Shields        | 1 3 7 |  7.7

Action                   |  1- 3 |  4- 6 |  7- 9 | 10-12 | 13-15 || total
-------------------------+-------+-------+-------+-------+-------++-------
Melee: Broad axe         |     6 |     1 |    69 |   104 |    34 ||   214
Invok: Berserk           |     1 |       |     2 |     3 |     2 ||     8
       Trog's Hand       |       |       |       |     1 |       ||     1
  Use: Scroll            |       |       |     1 |       |       ||     1
       Potion            |       |       |       |     1 |     2 ||     3
  Eat: Chunk             |       |       |       |     4 |     2 ||     6
       Ration            |       |       |       |     1 |       ||     1
Armor: Plate armour      |     1 |       |    27 |    63 |    34 ||   125
Dodge: Dodged            |       |       |     3 |    16 |     8 ||    27
Block: Shield            |     7 |     1 |    92 |   199 |    74 ||   373
       Reflection        |       |       |       |    22 |     2 ||    24
